 Dungeon Sprint DCSS version 0.31-a0-360-gb3e1d13bf4 (webtiles) character file.

Game seed: 6223181071256552766

6 Monkooky the Grasshopper (level 1, -1/27 HPs)
             Began as an Armataur Warper on July 26, 2023.
             Was an Initiate of Okawaru.
             Slain by a wolf (5 damage)
             ... in the Dungeon (Sprint VII: "The Pits").
             The game lasted 00:01:05 (88 turns).

Monkooky the Grasshopper (Armataur Warper)            Turns: 88, Time: 00:01:06

Health: -1/27      AC:  4    Str: 16    XL:     1   Next: 75%
Magic:  3/3        EV:  9    Int: 13    God:    Okawaru [......]
Gold:   0          SH:  0    Dex:  9    Spells: 3/3 levels left

rFire   . . .        k - +2 quarterstaff
rCold   . . .        (shield currently unavailable)
rNeg    . . .        b - +0 leather armour
rPois   .            (no helmet)
rElec   .            (no cloak)
rCorr   .            (no gloves)
SInv    .            (no barding)
Will    .....        (no amulet) Stlth
                     (no ring)
HPRegen 0.24/turn    (no ring)
MPRegen 0.08/turn

%: no teleportation, roll
@: berserking, very quick
A: large, rugged brown scales 3, deformed body, armoured tail, roll, long
tongue, awkward tongue
a: Renounce Religion


You were in the Dungeon.
You worshipped Okawaru.
Okawaru was noncommittal.
You visited 1 branch

Inventory:

Hand Weapons
 a - a +0 mace
 j - a +2 mace
 k - a +2 quarterstaff (weapon)
Missiles
 d - 7 boomerangs of dispersal (quivered)
Armour
 b - a +0 leather armour (worn)
Scrolls
 c - 2 scrolls of blinking
 m - 5 scrolls of amnesia
 n - a scroll of butterflies
 o - 2 scrolls of vulnerability
Potions
 e - a potion of curing
 g - a potion of haste
 h - 4 potions of magic
 i - 2 potions of berserk rage
 l - 2 potions of invisibility


   Skills:
 - Level 2.0 Fighting
 - Level 1.9(2.4) Maces & Flails
 + Level 2.3(2.7) Staves
 - Level 0.9 Throwing
 - Level 1.2 Armour
 - Level 1.4 Dodging
 - Level 1.8 Spellcasting
 - Level 3.2 Translocations


You had 3 spell levels left.
You didn't know any spells.
Your spell library contained the following spells:

 Spells                   Type           Power      Damage    Failure   Level
 Blink                    Tloc           18%        N/A       13%         2
 Lesser Beckoning         Tloc           18%        N/A       13%         2
 Teleport Other           Tloc           9%         N/A       26%         3
 Vhi's Electric Charge    Tloc/Air       10%        N/A       43%         3
 Manifold Assault         Tloc           9%         N/A       63%         4


Dungeon Overview and Level Annotations

Branches:
Dungeon (1/1)

Altars:
Ashenzari
Cheibriados
Dithmenos
Elyvilon
Fedhas
Gozag
Hepliaklqana
Kikubaaqudgha
Makhleb
Nemelex Xobeh
Okawaru
Qazlal
Ru
Sif Muna
Trog
Uskayaw
Vehumet
Wu Jian
Xom
Yredelemnul
Zin
The Shining One
Jiyva
Lugonu


Innate Abilities, Weirdness & Mutations

You are completely covered in rugged brown scales. (AC +3, +7% HP)
Armour fits poorly on your strangely shaped body.
You have a long armoured tail.
You roll when moving toward enemies. (Rampage)
Your long tongue fully drains potion bottles. (2x potion effects)
Your tongue gives you trouble enunciating. (1.5x scroll delay)


Message History

You open the large door.
An adder comes into view.
The adder hisses angrily.
An ufetubus comes into view.
A quokka and a wolf come into view.
The wolf howls!
There is a large open door here.
The adder bites you. The wolf attacks as you move away!
The wolf barely misses you.
The wolf stops to sniff the ground.
The wolf bites you! The adder bites you but does no damage.
The adder attacks as you move away! The adder closely misses you.
The wolf attacks as you move away! The wolf closely misses you.
The wolf bites you but does no damage.
You see here a +0 short sword.
The adder attacks as you move away! The adder closely misses you.
The wolf attacks as you move away! The wolf bites you but does no damage.
There is an open door here.
The adder attacks as you move away! The adder bites you but does no damage.
The wolf bites you. The wolf bites you!
* * * LOW HITPOINT WARNING * * *
You feel much better.
You slurp down every last drop of the potion of heal wounds!
The wolf bites you!
Ouch! That really hurt!
A red film seems to cover your vision as you go berserk!
You feel yourself moving faster!
You feel mighty!
You slurp down every last drop of the potion of berserk rage!
The wolf bites you!
* * * LOW HITPOINT WARNING * * *
The wolf bites you.
* * * LOW HITPOINT WARNING * * *
You thump the wolf!
Your tail-slap misses the wolf.
The wolf is heavily wounded.
The wolf bites you but does no damage.
You closely miss the wolf.
The wolf is heavily wounded.
The wolf bites you but does no damage. The wolf bites you.
You die...

#_______...###########++#
##########'##.............
#..(.')))'.##......#..#...
##########.##.............
#..........)'.............
+#####'#####......#..#..
#..#..)'.##.............
#..#...#.#####'#####++##
#..#####@##.......#
#..'...#h##.......#
#..'.r)rS##.......#
#..########...<...# #..
#.......# #.. #.......#
### #.......# #########


You could see a wolf, an adder and a quokka.

Vanquished Creatures
  A bat zombie (D)
  A goblin (D)
  2 kobolds (D)
  A giant cockroach zombie (D)
5 creatures vanquished.

Notes
Turn   | Place    | Note
-------+----------+-------------------------------------------
     0 | D        | Monkooky the Armataur Warper began the quest for the Orb.
     0 | D        | Reached XP level 1. HP: 18/18 MP: 3/3
    39 | D        | Found a bloodstained altar of Trog.
    39 | D        | Found a shimmering blue altar of Sif Muna.
    39 | D        | Found a viscous altar of Jiyva.
    39 | D        | Found a hazy altar of Hepliaklqana.
    39 | D        | Found an opulent altar of Gozag.
    40 | D        | Found a glowing golden altar of the Shining One.
    40 | D        | Found a glowing silver altar of Zin.
    40 | D        | Found a basalt altar of Yredelemnul.
    40 | D        | Found a shimmering altar of Xom.
    40 | D        | Found an ornate altar of the Wu Jian Council.
    40 | D        | Found a sacrificial altar of Ru.
    40 | D        | Found a stormy altar of Qazlal.
    40 | D        | Found an iron altar of Okawaru.
    40 | D        | Found a sparkling altar of Nemelex Xobeh.
    40 | D        | Found a burning altar of Makhleb.
    40 | D        | Found a blossoming altar of Fedhas.
    40 | D        | Found a white marble altar of Elyvilon.
    40 | D        | Found a shadowy altar of Dithmenos.
    40 | D        | Found a snail-covered altar of Cheibriados.
    41 | D        | Found a radiant altar of Vehumet.
    41 | D        | Found a corrupted altar of Lugonu.
    42 | D        | Found a hide-covered altar of Uskayaw.
    42 | D        | Found an ancient bone altar of Kikubaaqudgha.
    42 | D        | Found a broken altar of Ashenzari.
    48 | D        | Became a worshipper of Warmaster Okawaru
    64 | D        | Reached skill level 1 in Staves
    78 | D        | Noticed a wolf
    88 | D        | Slain by a wolf

Illustrated notes

Levels and vault maps discovered:
D:        pitsprint [storerooms_1, entrance_room_1, metal_vault_4, armoury_1,
          mini_pit_1, grid_room_1, main_hall_1, silver_pit, the_coven_3,
          the_vestibule_1, steel_vault_3, golden_pit, hallway_of_sentries,
          crystal_vault_5, iron_vault_5, final_vault]

Skill      XL: |  1 |
---------------+----+-----
Fighting       | 2 |  2.0
Staves         | 2 |  2.3
Maces & Flails | |  1.9
Throwing       | |  0.9
Armour         | |  1.2
Dodging        | |  1.4
Spellcasting   | |  1.8
Translocations | |  3.2

Action                     || total
---------------------------++-------
  Melee: Quarterstaff      ||     8
         Mace              ||     1
         Tailslap          ||     1
    Use: Potion            ||     2
 Armour: Leather armour    ||    10
  Dodge: Dodged            ||     6

Table legend: (Time is in decaauts)
 A = Elapsed time spent in this place.
 B = Non-inter-level travel time spent in this place.
 C = Inter-level travel time spent in this place.
 D = Time resting spent in this place.
 E = Time spent auto-exploring this place.
 F = Levels seen in this place.
 G = Mean time per level.
                   A        B        C        D        E       F      G
               +--------+--------+--------+--------+--------+-----+--------+
         Total |     88 |     88 |      0 |      0 |      0 |   1 |   88.0 |
       Dungeon |     88 |     88 |      0 |      0 |      0 |   1 |   88.0 |
               +--------+--------+--------+--------+--------+-----+--------+

Top non-repeatable levels by time:
       D: 88 daAuts
